[Event "*** SCC Grand Prix: Titled Tuesday Blitz"]
[Site "Chess.com"]
[Date "2020.09.08"]
[Round "5"]
[White "Funo09"]
[Black "Bigfish1995"]
[Result "0-1"]
[WhiteElo "2845"]
[BlackElo "3025"]
[TimeControl "180+1"]
[EndTime "10:55:13 PDT"]
[Termination "Bigfish1995 won by resignation"]

1. e4 c5 2. Nc3 d6 3. Nf3 e5 4. Bc4 Nc6 5. d3 Be7 6. O-O Nf6 7. h3 O-O 8. a4 Be6 9. Be3 d5 10. exd5 Nxd5 11. Nxd5 Bxd5 12. Re1 f5 13. c3 Bxc4 14. dxc4 e4 15. Nh2 Ne5 16. Qb3 b6 17. Rad1 Nd3 18. Re2 Bd6 19. Nf1 f4 20. Bc1 f3 21.
Rxe4 Nxc1 22. Rxc1 fxg2 23. Ne3 Qf6 24. Qc2 Qf3 25. Rh4 g6 26. Nxg2 Rae8 27. Re1 Bg3 28.
fxg3 Rxe1+ 29. Nxe1 Qf1+ 30. Kh2 Rf2+ 0-1

[Event "*** SCC Grand Prix: Titled Tuesday Blitz"]
[Site "Chess.com"]
[Date "2020.09.08"]
[Round "5"]
[White "Keures"]
[Black "Bayernbk"]
[Result "0-1"]
[WhiteElo "2350"]
[BlackElo "2525"]
[TimeControl "180+1"]
[EndTime "10:55:14 PDT"]
[Termination "Bayernbk won by resignation"]

1. d4 Nf6 2. c4 e6 3. Nc3 d5 4. Bg5 Be7 5. e3 h6 6. Bh4 O-O 7. Qc2 c6 8. cxd5 Nxd5 9. Bxe7 Qxe7 10. Nf3 Nd7 11. Nxd5 exd5 12. Bd3 Nf6 13. h3 Be6 14. Rb1 a5 15. b3 Rfe8 16. O-O Qd7 17. Kh2 Qd6+ 18.
Kg1 Ne4 19. Bxe4 dxe4 20. Qxe4 Bxh3 21. Qc2 Qd5 22. b4 Bxg2 23. Kxg2 Re4 24. Rg1 axb4 25. Ne5 Rxe5+ 26. Kf1 Rxa2 27. Rb2 Ra1+ 28. Rb1 Rxb1+ 29. Qxb1 Qc4+ 30. Ke1 Ra5 0-1

[Event "*** SCC Grand Prix: Titled Tuesday Blitz"]
[Site "Chess.com"]
[Date "2020.09.08"]
[Round "5"]
[White "Anna_ChessMate"]
[Black "chessfrendz"]
[Result "1-0"]
[WhiteElo "2510"]
[BlackElo "2270"]
[TimeControl "180+1"]
[EndTime "10:55:14 PDT"]
[Termination "Anna_ChessMate won by resignation"]

1. d4 d5 2. c4 dxc4 3. Nc3 Nf6 4. e4 e6 5. Bg5 Be7 6. Nf3 O-O 7. Bxc4 a6 8. a4 Nc6 9. O-O h6 10. Bh4 Nxe4 11.
Bxe7 Nxc3 12. Bxd8 Nxd1 13. Bxc7 Nxb2 14. Be2 Bd7 15. Rfb1 Rfc8 16. Bd6 Nxa4 17. Rxa4 b5 18. Ra2 Nd8 19. Ne5 Be8 20. Bf3 Ra7 21. Bc5 Rac7 22. Rxa6 f6 23. Nd3 Bg6 24. Rd1 e5 25. Bb6 Rc4 26. Bd5+ Bf7 27. Bxc4 bxc4 28. Bxd8 Rxd8 29.
Nc5 exd4 30. Ne6 Bxe6 31. Rxe6 c3 32. Rc6 Rb8 33. Kf1 Rb4 34. Ke2 Rb2+ 35. Kf3 c2 36.
Rxd4 Rb3+ 37. Ke2 1-0

[Event "*** SCC Grand Prix: Titled Tuesday Blitz"]
[Site "Chess.com"]
[Date "2020.09.08"]
[Round "5"]
[White "emiliocordova"]
[Black "Beca95"]
[Result "1-0"]
[WhiteElo "2802"]
[BlackElo "2920"]
[TimeControl "180+1"]
[EndTime "10:55:16 PDT"]
[Termination "emiliocordova won by resignation"]

1. d4 Nf6 2. Nf3 e6 3. g3 d5 4. Bg2 b5 5. a4 b4 6. c4 Ba6 7.
Ne5 Bd6 8. O-O O-O 9. Bg5 c6 10.
Nd2 h6 11. Bxf6 Qxf6 12. f4 Qd8 13. Rc1 f6 14. Ng6 Re8 15. e4 Nd7 16. e5 Nf8 17.
Qh5 Nxg6 18. Qxg6 Bf8 19. c5 f5 20. g4 Qd7 21. gxf5 exf5 22. Bh3 Qf7 23. Bxf5 Qxg6+ 24. Bxg6 Bxf1 25. Bxe8 Rxe8 26. Rxf1 Be7 27. Kg2 Kf7 28.
Nb3 Bd8 29. f5 h5 30. Kg3 Rh8 31. h4 Rg8 32. Nd2 Be7 33. Nf3 b3 34. Ng5+ Bxg5 35. hxg5 Rb8 36. g6+ Ke7 37. f6+ Kf8 38. f7 h4+ 39. Kh3 a5 40. Rf5 Ke7 41. Rh5 1-0

[Event "*** SCC Grand Prix: Titled Tuesday Blitz"]
[Site "Chess.com"]
[Date "2020.09.08"]
[Round "5"]
[White "IngOscarArdila"]
[Black "nau64"]
[Result "0-1"]
[WhiteElo "2179"]
[BlackElo "2302"]
[TimeControl "180+1"]
[EndTime "10:55:16 PDT"]
[Termination "nau64 won by resignation"]

1. d4 Nf6 2. c4 g6 3. Nc3 d5 4. e4 dxe4 5. Nge2 Bg7 6. h3 O-O 7. Be3 b6 8. Ng3 Bb7 9. Qc2 Na6 10. a3 c5 11. Rd1 cxd4 12. Rxd4 Nd7 13. Rd2 f5 14. Nge2 e6 15. g3 Qe7 16. Bg2 Nac5 17. O-O Rfd8 18. Nd4 a6 19. b4 Nd3 20. Rxd3 exd3 21.
Qxd3 Bxg2 22. Kxg2 Ne5 23. Qe2 Qb7+ 24. Kh2 Rxd4 25.
Bxd4 Nf3+ 26. Kg2 Nxd4+ 0-1

[Event "*** SCC Grand Prix: Titled Tuesday Blitz"]
[Site "Chess.com"]
[Date "2020.09.08"]
[Round "5"]
[White "sergiochess83"]
[Black "ChessWarrior7197"]
[Result "0-1"]
[WhiteElo "2831"]
[BlackElo "2952"]
[TimeControl "180+1"]
[EndTime "10:55:18 PDT"]
[Termination "ChessWarrior7197 won by resignation"]

1. e4 e5 2. Nf3 Nc6 3. Bb5 a6 4. Ba4 Nf6 5. O-O Nxe4 6. d4 b5 7. Bb3 d5 8. dxe5 Be6 9. Qe2 Be7 10.
Rd1 O-O 11. c4 bxc4 12. Bxc4 Bc5 13. Be3 Bxe3 14. Qxe3 Qb8 15. Bb3 Qb6 16. Qxb6 cxb6 17. Nbd2 Rfd8 18. Rac1 Na5 19. Nd4 Nc5 20. Rc3 Nc4 21.
Nxe6 fxe6 22. Nxc4 dxc4 23. Rxd8+ Rxd8 24. Bxc4 Rd1+ 25. Bf1 Ne4 26. Rd3 Nd2 27. g3 Rxf1+ 28. Kg2 Rd1 29. a3 Kf7 30. h4 h5 31. Rd6 b5 32. Rd4 Kg6 33. f3 Nc4 0-1

[Event "*** SCC Grand Prix: Titled Tuesday Blitz"]
[Site "Chess.com"]
[Date "2020.09.08"]
[Round "5"]
[White "Resignify"]
[Black "AsaHoffmann"]
[Result "0-1"]
[WhiteElo "2225"]
[BlackElo "2398"]
[TimeControl "180+1"]
[EndTime "10:55:24 PDT"]
[Termination "AsaHoffmann won on time"]

1. e4 d6 2. d4 Nf6 3. Nc3 c6 4. Nf3 Bg4 5. h3 Bh5 6. Be2 e6 7. O-O d5 8. exd5 cxd5 9. Bf4 Nc6 10. Ne5 Bxe2 11. Nxe2 Be7 12. c3 O-O 13. Re1 Nxe5 14. Bxe5 Bd6 15. Ng3 Bxe5 16. dxe5 Nd7 17. Qg4 g6 18. h4 Rc8 19. h5 Rc4 20. Qf3 Qg5 21.
Qe3 Qxe3 22. Rxe3 Kg7 23. Rd1 b5 24. Rd4 Rfc8 25. Rxc4 Rxc4 26. hxg6 hxg6 27. Ne2 b4 28. Kf1 bxc3 29. bxc3 Ra4 30. Nd4 Rxa2 31. Re2 Rxe2 32. Kxe2 Nxe5 33. Nb5 a5 34. f4 Nc4 35. Kd3 a4 36.
Nd4 a3 37. Nc2 a2 38. Kd4 Kf6 39. Kc5 Ne3 0-1

[Event "*** SCC Grand Prix: Titled Tuesday Blitz"]
[Site "Chess.com"]
[Date "2020.09.08"]
[Round "5"]
[White "GOGIEFF"]
[Black "abykhovsky"]
[Result "1-0"]
[WhiteElo "2900"]
[BlackElo "2657"]
[TimeControl "180+1"]
[EndTime "10:55:26 PDT"]
[Termination "GOGIEFF won by resignation"]

1. d4 Nf6 2. c4 g6 3. Nc3 d5 4. cxd5 Nxd5 5. e4 Nxc3 6. bxc3 Bg7 7. Bc4 c5 8. Ne2 Nc6 9. Be3 O-O 10. O-O Bg4 11. f3 Bd7 12. Rb1 Rc8 13. Qd2 Qc7 14. Rfc1 Rfd8 15. Bf4 e5 16. Bg5 Re8 17. dxc5 Bf8 18.
Kh1 Na5 19. Bd5 Bxc5 20. c4 Be6 21. Bf6 b6 22. Qg5 Bd6 23. Ng3 Nc6 24. Nf5 Bxf5 25.
exf5 Ne7 26. fxg6 Nxg6 27. c5 Be7 28. cxb6 Bxf6 29. Rxc7 Bxg5 30. Bxf7+ Kf8 31. Bxe8 1-0

[Event "*** SCC Grand Prix: Titled Tuesday Blitz"]
[Site "Chess.com"]
[Date "2020.09.08"]
[Round "5"]
[White "SeedToTree"]
[Black "Anton_Demchenko"]
[Result "0-1"]
[WhiteElo "2604"]
[BlackElo "2858"]
[TimeControl "180+1"]
[EndTime "10:55:27 PDT"]
[Termination "Anton_Demchenko won by resignation"]

1. e4 c5 2. Nc3 d6 3. f4 e6 4. Nf3 Nc6 5. g3 Nf6 6. d4 cxd4 7. Nxd4 Be7 8. Bg2 O-O 9. Nb3 Rb8 10. Be3 a6 11. O-O Bd7 12. Kh1 b5 13. Bg1 Qc7 14.
a3 Rfd8 15. Qe2 b4 16. axb4 Nxb4 17. Rfd1 Bc6 18. g4 d5 19. e5 Ne4 20. Nxe4 dxe4 21. Nd4 Bd5 22. c3 Nd3 23. Be3 Rxb2 24. Rd2 Qxc3 25.
Rxb2 Nxb2 26. Rc1 Qa3 27. f5 Nc4 28. Rxc4 Bxc4 29. Qxc4 Qxe3 30. f6 gxf6 31. exf6 Bxf6 32. Nxe6 Rd1+ 33. Bf1 Qf3+ 0-1

[Event "*** SCC Grand Prix: Titled Tuesday Blitz"]
[Site "Chess.com"]
[Date "2020.09.08"]
[Round "5"]
[White "barriochess"]
[Black "BikingBrian"]
[Result "1-0"]
[WhiteElo "2360"]
[BlackElo "2204"]
[TimeControl "180+1"]
[EndTime "10:55:28 PDT"]
[Termination "barriochess won by resignation"]

1. d4 Nf6 2. c4 g6 3. Nc3 Bg7 4. e4 d6 5. f4 O-O 6. Nf3 c5 7. d5 e6 8. Be2 exd5 9. cxd5 Bg4 10. O-O Nbd7 11. h3 Bxf3 12. Bxf3 Ne8 13. g4 f5 14.
exf5 gxf5 15. gxf5 Bd4+ 16. Kh1 Qh4 17. Bg2 Nef6 18.
Bd2 Nh5 19. Ne4 Ng3+ 20. Nxg3 Qxg3 21. Qg4+ Qxg4 22. hxg4 Nf6 23. Bf3 Rae8 24. Rae1 b6 25. b3 Kf7 26. Re6 h5 27. g5 Ng4 28. Bxg4 hxg4 29.
Kg2 Rxe6 30. dxe6+ Ke7 31. f6+ Kxe6 32. f5+ Ke5 33.
Kg3 Rh8 34. Kxg4 Ke4 35. Bf4 Be5 36. Re1+ Kd5 37. Bxe5 dxe5 38. f7 1-0

[Event "*** SCC Grand Prix: Titled Tuesday Blitz"]
[Site "Chess.com"]
[Date "2020.09.08"]
[Round "5"]
[White "poppy73"]
[Black "Bacyanide"]
[Result "0-1"]
[WhiteElo "2253"]
[BlackElo "2410"]
[TimeControl "180+1"]
[EndTime "10:55:29 PDT"]
[Termination "Bacyanide won by resignation"]

1. e4 c6 2. Nc3 d5 3. Nf3 dxe4 4. Nxe4 Nf6 5. Qe2 Nxe4 6. Qxe4 Be6 7. c4 Nd7 8. d4 g6 9. Bd3 Bg7 10. O-O Nc5 11.
Qe2 Nxd3 12. Qxd3 O-O 13. Be3 Qa5 14. Bd2 Qh5 15. Bc3 Rad8 16. Qe2 Bg4 17. Rad1 Bxf3 18.
Qxf3 Qxf3 19. gxf3 Rd7 20. Rd2 Rfd8 21. Rfd1 c5 22.
dxc5 Rxd2 23. Rxd2 Rxd2 24. Bxd2 Bxb2 25. Be3 a6 26. Kf1 Kf8 27. Ke2 Ke8 28. c6 bxc6 29.
Bc5 Kd7 30. Kd3 Be5 31. h3 Bd6 32. Be3 e5 33. c5 Bc7 34. Kc4 Ke6 35. Kd3 Kd5 36.
Kc3 Ba5+ 37. Kb3 f5 38. Ka4 Be1 39. f4 exf4 40. Bxf4 Bxf2 0-1

[Event "*** SCC Grand Prix: Titled Tuesday Blitz"]
[Site "Chess.com"]
[Date "2020.09.08"]
[Round "5"]
[White "ARTHURMOTIVATOR"]
[Black "JesseKraai"]
[Result "0-1"]
[WhiteElo "2347"]
[BlackElo "2512"]
[TimeControl "180+1"]
[EndTime "10:55:30 PDT"]
[Termination "JesseKraai won on time"]

1. e4 d6 2. d4 Nf6 3. Nc3 e5 4. Nf3 Nbd7 5. Bc4 Be7 6. O-O c6 7. a4 O-O 8. Ba2 b6 9. h3 a6 10.
Re1 Bb7 11. dxe5 dxe5 12. Nh4 g6 13. Bh6 Re8 14. Nf3 Nh5 15. Qe2 Bf6 16. Rad1 Qe7 17. Qc4 Rad8 18. g4 Nf4 19. Bxf4 exf4 20. e5 Nxe5 21.
Nxe5 Rxd1 22. Rxd1 Bxe5 23. Ne4 b5 24. axb5 cxb5 25.
Qd3 Kg7 26. f3 Qh4 27. Qd7 Re7 28. Qd3 Qxh3 29. Rd2 Bxe4 30. Qxe4 Bf6 0-1

[Event "*** SCC Grand Prix: Titled Tuesday Blitz"]
[Site "Chess.com"]
[Date "2020.09.08"]
[Round "5"]
[White "MrrRefrao"]
[Black "MashaFromRussia"]
[Result "0-1"]
[WhiteElo "2213"]
[BlackElo "2361"]
[TimeControl "180+1"]
[EndTime "10:55:30 PDT"]
[Termination "MashaFromRussia won by checkmate"]

1. e4 c5 2. Nf3 Nc6 3. Bb5 d6 4.
O-O Bd7 5. Re1 Nf6 6. c3 a6 7. Bf1 Bg4 8. h3 Bxf3 9. Qxf3 e6 10. Na3 Be7 11. Nc2 d5 12. e5 Nd7 13. d4 cxd4 14.
cxd4 O-O 15. Be3 Rc8 16. Bd3 f5 17. exf6 Bxf6 18. Qg4 e5 19. Qe6+ Kh8 20. Qxd5 exd4 21. Qh5 g6 22. Bxg6 Qe7 23. Bxd4 Qg7 24. Bxh7 Qxh7 25. Qd5 Qxc2 26. Rac1 Qg6 27. Re6 Nxd4 28. Rxc8 Rxc8 29. Qxd7 Rc1+ 30. Kh2 Nf3+ 31. gxf3 Qg1# 0-1

[Event "*** SCC Grand Prix: Titled Tuesday Blitz"]
[Site "Chess.com"]
[Date "2020.09.08"]
[Round "5"]
[White "Rap_woyska"]
[Black "jamik13"]
[Result "0-1"]
[WhiteElo "2339"]
[BlackElo "2209"]
[TimeControl "180+1"]
[EndTime "10:55:30 PDT"]
[Termination "jamik13 won by resignation"]

1. c4 Nf6 2. Nf3 g6 3. Nc3 d5 4. cxd5 Nxd5 5. g3 Bg7 6. Bg2 O-O 7. O-O Nb6 8. d3 Nc6 9. a3 a5 10. Be3 Nd5 11. Nxd5 Qxd5 12. Nd4 Qd6 13. Nxc6 bxc6 14. Qc2 Rb8 15. Rab1 Be6 16. Rfc1 Ba2 17. Ra1 Rxb2 18. Qxc6 Rxe2 19. d4 Rd8 20. Qxc7 Bxd4 21. Qxd6 Rxd6 22. Bxd4 Rxd4 23. Bf1 Rb2 24. Rc8+ Kg7 25. Re1 Be6 26. Rc3 Rdd2 27. Rf3 Bd5 28. Rf4 e6 29. h4 h6 30.
Ra4 Rxf2 31. Re3 Rh2 0-1

[Event "*** SCC Grand Prix: Titled Tuesday Blitz"]
[Site "Chess.com"]
[Date "2020.09.08"]
[Round "5"]
[White "annacramling"]
[Black "IvanSoriano1"]
[Result "0-1"]
[WhiteElo "2145"]
[BlackElo "2467"]
[TimeControl "180+1"]
[EndTime "10:55:31 PDT"]
[Termination "IvanSoriano1 won on time"]

1. d4 Nf6 2. c4 e6 3. Nc3 Bb4 4. Qc2 O-O 5. e4 d5 6. cxd5 exd5 7. e5 Ne4 8. Bd3 c5 9. Nf3 Bg4 10. O-O Bxc3 11. bxc3 Nc6 12. Bxe4 dxe4 13. Qxe4 Bxf3 14. Qxf3 cxd4 15. cxd4 Qxd4 16. Ba3 Rfe8 17. Rab1 Nxe5 18. Qxb7 Nc4 19. Bc1 Rac8 20. Bg5 h6 21. Bc1 Qd3 22. Rb3 Qc2 23. h3 Na5 24. Qa6 Nxb3 25.
axb3 Qxb3 26. Bf4 Qc4 0-1

[Event "*** SCC Grand Prix: Titled Tuesday Blitz"]
[Site "Chess.com"]
[Date "2020.09.08"]
[Round "5"]
[White "Chess_Dog06"]
[Black "anasta10"]
[Result "0-1"]
[WhiteElo "2267"]
[BlackElo "2455"]
[TimeControl "180+1"]
[EndTime "10:55:31 PDT"]
[Termination "anasta10 won by checkmate"]

1. Nf3 Nf6 2. g3 g6 3. b3 Bg7 4.
Bb2 O-O 5. Bg2 d5 6. O-O b5 7. a4 b4 8. d3 Bb7 9. Nbd2 c5 10. Ne5 Qc7 11. f4 Ng4 12. Nxg4 Bxb2 13. Rb1 Bg7 14. e3 Nd7 15. Nf2 a5 16. Qe2 e5 17.
fxe5 Nxe5 18. e4 dxe4 19. Bxe4 Nc6 20. Nc4 Nd4 21. Qd2 f5 22. Bg2 Bxg2 23. Kxg2 Qc6+ 24. Kh3 Qf3 25. Qf4 Qe2 26. Rfe1 Qxc2 27. Re7 Rae8 28. Rbe1 Rxe7 29. Rxe7 Qb1 30. Kg2 Bf6 31. Rc7 Ne6 32.
Qd6 Nxc7 33. Qxc7 Bd4 34. Nh3 Qc2+ 35. Kf3 Qxd3+ 36. Kf4 Qe4+ 37. Kg5 Qg4+ 38. Kh6 Qh5# 0-1

[Event "*** SCC Grand Prix: Titled Tuesday Blitz"]
[Site "Chess.com"]
[Date "2020.09.08"]
[Round "5"]
[White "TheMagnet"]
[Black "MVM2008"]
[Result "1-0"]
[WhiteElo "2577"]
[BlackElo "2274"]
[TimeControl "180+1"]
[EndTime "10:55:33 PDT"]
[Termination "TheMagnet won on time"]

1. d4 Nf6 2. c4 b6 3. Nf3 Bb7 4. g3 e6 5. Bg2 d5 6. O-O c5 7. cxd5 exd5 8. Nc3 Nc6 9. Bg5 Be7 10. dxc5 bxc5 11.
Bxf6 Bxf6 12. Nxd5 O-O 13. Nxf6+ Qxf6 14. Qc2 Nd4 15.
Nxd4 Bxg2 16. Kxg2 cxd4 17. Rad1 Rac8 18. Qd3 Rfd8 19. Rd2 g6 20. Rfd1 Rd5 21. Qf3 Qxf3+ 22. Kxf3 Rcd8 23. Rd3 Rb8 24. b3 Rc5 25. Rxd4 Rc3+ 26.
e3 Rc2 27. R1d2 Rc1 28. Rd7 a5 29. Ra7 Rc5 30. g4 h5 31. h3 hxg4+ 32. hxg4 Kg7 33. Rdd7 Rf8 34. Kf4 g5+ 35. Kg3 Kg6 36. Rd6+ f6 37. Rda6 Rg8 38. Rxa5 Rc1 39. Kf3 Rg1 40. Rb7 Rd8 41.
Raa7 1-0

[Event "*** SCC Grand Prix: Titled Tuesday Blitz"]
[Site "Chess.com"]
[Date "2020.09.08"]
[Round "5"]
[White "Agibileg"]
[Black "tteshan"]
[Result "1-0"]
[WhiteElo "2582"]
[BlackElo "2405"]
[TimeControl "180+1"]
[EndTime "10:55:35 PDT"]
[Termination "Agibileg won by resignation"]

1. d4 Nf6 2. c4 e6 3. Nc3 c5 4. d5 exd5 5. cxd5 d6 6. e4 g6 7. h3 Bg7 8. Nf3 O-O 9. Bd3 Re8 10. O-O Nbd7 11. Bf4 c4 12. Bc2 Nc5 13. Re1 Rb8 14.
Qd2 b5 15. Nd4 b4 16. Nc6 bxc3 17. bxc3 Qc7 18. e5 Nxd5 19. Qxd5 Bb7 20. e6 Bxc6 21.
Qxc5 dxc5 22. Bxc7 Rb7 23. Be5 Rxe6 24. Bxg7 Re5 25. Bxe5 1-0

[Event "*** SCC Grand Prix: Titled Tuesday Blitz"]
[Site "Chess.com"]
[Date "2020.09.08"]
[Round "5"]
[White "lucachess49"]
[Black "DinaBelenkaya"]
[Result "1-0"]
[WhiteElo "2435"]
[BlackElo "2282"]
[TimeControl "180+1"]
[EndTime "10:55:35 PDT"]
[Termination "lucachess49 won by resignation"]

1. d4 Nf6 2. c4 c5 3. d5 e5 4. Nc3 d6 5. e4 Be7 6. g3 Na6 7. Bg2 Nc7 8. Nf3 a6 9. O-O b5 10. b3 h5 11. Bg5 Bd7 12. Qd3 Ng4 13. Bd2 h4 14. h3 Nxf2 15. Rxf2 hxg3 16. Re2 Bxh3 17. cxb5 Qd7 18. b6 Bxg2 19. Rxg2 Qh3 20. Kf1 Nb5 21. Nxb5 axb5 22. Qxb5+ Kf8 23. Qd3 Qh1+ 24.
Ng1 Bh4 25. a4 Rh5 26. a5 f5 27. Qf3 Bf6 28. b7 Rb8 29. a6 fxe4 30. Qg4 Rh4 31.
Qc8+ Kf7 32. Qe6+ Kg6 33. a7 Rh2 34. Rxg3+ Kh7 35. Qf5+ 1-0

[Event "*** SCC Grand Prix: Titled Tuesday Blitz"]
[Site "Chess.com"]
[Date "2020.09.08"]
[Round "5"]
[White "Gorin_Leonid"]
[Black "ExcitingTrap"]
[Result "1-0"]
[WhiteElo "2619"]
[BlackElo "2285"]
[TimeControl "180+1"]
[EndTime "10:55:36 PDT"]
[Termination "Gorin_Leonid won by resignation"]

1. e4 e6 2. d4 d5 3. Nd2 Nf6 4. e5 Nfd7 5. f4 c5 6. c3 Nc6 7. Ndf3 Be7 8. g3 O-O 9. Bh3 b5 10.
Ne2 b4 11. O-O Qb6 12. Kh1 f5 13. g4 Ba6 14. gxf5 exf5 15. Be3 bxc3 16. bxc3 Qb2 17.
Rf2 Bxe2 18. Rxe2 Qxc3 19. Rc1 Qa3 20. dxc5 d4 21. Nxd4 Nxd4 22. Qxd4 Rad8 23. Qc3 Qa6 24. Qc4+ Qxc4 25. Rxc4 Rc8 26. Rec2 g6 27. Bg2 Rfd8 28. Bd5+ Kg7 29. c6 Nb6 30. Bxb6 axb6 31. Be6 Rc7 32. Bd7 Ra8 33. a4 Bc5 34. Kg2 Rca7 35. a5 Rc7 36. axb6 Bxb6 37. Rb4 Be3 38. Rb7 Ra7 39. Rxc7 Rxc7 40. Kf3 Bc5 1-0

[Event "*** SCC Grand Prix: Titled Tuesday Blitz"]
[Site "Chess.com"]
[Date "2020.09.08"]
[Round "5"]
[White "ljuks68"]
[Black "mfwagnerpeixoto"]
[Result "1-0"]
[WhiteElo "2420"]
[BlackElo "2249"]
[TimeControl "180+1"]
[EndTime "10:55:36 PDT"]
[Termination "ljuks68 won by resignation"]

1. e4 c5 2. Nf3 e6 3. d4 cxd4 4. Nxd4 Nf6 5. Nc3 Nc6 6. Nxc6 bxc6 7. e5 Nd5 8. Ne4 Qc7 9. f4 Qb6 10. c4 Bb4+ 11. Ke2 Ba6 12. Kf3 f5 13. exf6 Nxf6 14. Be3 c5 15. Nxf6+ gxf6 16. Kf2 Qc6 17. a3 Ba5 18. Qh5+ Kd8 19. Qxc5 Qxc5 20. Bxc5 Rc8 21. Bxa7 Bxc4 22. Rc1 Bxf1 23. Rhxf1 Bd2 24. Rxc8+ Kxc8 25. g3 Kb7 26. Bd4 Rc8 27. Ke2 Ba5 28. Kd3 f5 29. b4 Bb6 30. Bc3 Ra8 31. Ra1 Kc6 32.
a4 d5 33. b5+ Kd7 34. a5 Bc5 35. Bd4 1-0

[Event "*** SCC Grand Prix: Titled Tuesday Blitz"]
[Site "Chess.com"]
[Date "2020.09.08"]
[Round "5"]
[White "RobPeresian"]
[Black "LawrenceTrent"]
[Result "0-1"]
[WhiteElo "2362"]
[BlackElo "2537"]
[TimeControl "180+1"]
[EndTime "10:55:38 PDT"]
[Termination "LawrenceTrent won by resignation"]

1. Nf3 c5 2. c4 Nc6 3. Nc3 e5 4.
g3 g6 5. Bg2 Bg7 6. d3 Nge7 7.
Nd2 O-O 8. Nf1 d6 9. Ne3 f5 10. Ned5 Nxd5 11. Nxd5 Be6 12. Rb1 Rb8 13. a3 b5 14. O-O b4 15. axb4 Nxb4 16. Qa4 a5 17.
Bd2 Bxd5 18. cxd5 Kh8 19. Bc3 Qb6 20. Ra1 Ra8 21. Ra3 Rfb8 22. Rfa1 h5 23. Qb3 Kh7 24.
h3 Qc7 25. g4 Nxd3 26. Qc2 Nb4 27. Bxb4 Rxb4 28. gxf5 Rab8 29. fxg6+ Kh8 30. Qf5 Rxb2 31. Qxh5+ Kg8 32. Qh7+ Kf8 33. Rxa5 Rb1+ 34. Kh2 Rxa1 35. Rxa1 e4 36. Rf1 Be5+ 37. Kh1 Qxh7 38. gxh7 Rb4 39. f4 exf3 40. Rxf3+ Kg7 41. Rf8 Kxf8 0-1

[Event "*** SCC Grand Prix: Titled Tuesday Blitz"]
[Site "Chess.com"]
[Date "2020.09.08"]
[Round "5"]
[White "penguingm1"]
[Black "Rodalquilar"]
[Result "0-1"]
[WhiteElo "2939"]
[BlackElo "2661"]
[TimeControl "180+1"]
[EndTime "10:55:42 PDT"]
[Termination "Rodalquilar won on time"]

1. d4 d5 2. Bf4 Nf6 3. e3 c5 4.
Nc3 cxd4 5. exd4 a6 6. Nf3 Nc6 7. Ne5 Bd7 8. g3 e6 9. Bg2 Be7 10. O-O O-O 11. Ne2 Nxe5 12. Bxe5 Qb6 13. Rb1 Rac8 14. c3 Qa5 15. Nc1 Ba4 16. Qd2 Ne4 17. Bxe4 dxe4 18. Re1 Bc6 19. Bf4 Rfd8 20. Be3 e5 21. b4 Qd5 22. Nb3 Qe6 23. Rbd1 f5 0-1

[Event "*** SCC Grand Prix: Titled Tuesday Blitz"]
[Site "Chess.com"]
[Date "2020.09.08"]
[Round "5"]
[White "FMalexhdez"]
[Black "UmarovSabir"]
[Result "0-1"]
[WhiteElo "2213"]
[BlackElo "2366"]
[TimeControl "180+1"]
[EndTime "10:55:42 PDT"]
[Termination "UmarovSabir won by resignation"]

1. e4 g6 2. d4 Bg7 3. Nc3 c6 4. Nf3 d5 5. e5 Nh6 6. a4 a5 7. Bf4 f6 8. Qd2 Nf7 9. exf6 exf6 10. Bd3 O-O 11. O-O Na6 12. h4 Nb4 13. Be2 Bf5 14. Ne1 Qd7 15. Nd3 g5 16. hxg5 fxg5 17. Bg3 h5 18.
Nxb4 axb4 19. Na2 h4 20. Bh2 Rxa4 21. Nxb4 Rxa1 22. Rxa1 h3 23. Nd3 hxg2 24. Nc5 Qe7 25. Bf3 b6 26. Re1 Qf6 27. Nb3 Bxc2 28. Bxg2 Bxb3 0-1

[Event "*** SCC Grand Prix: Titled Tuesday Blitz"]
[Site "Chess.com"]
[Date "2020.09.08"]
[Round "5"]
[White "BurningggIce"]
[Black "skeyman"]
[Result "1-0"]
[WhiteElo "2328"]
[BlackElo "2116"]
[TimeControl "180+1"]
[EndTime "10:55:42 PDT"]
[Termination "BurningggIce won by resignation"]

1. d4 Nf6 2. Nf3 e6 3. Bg5 d5 4. e3 Be7 5. Bd3 c5 6. c3 Nc6 7. Nbd2 h6 8. Bh4 g5 9. Bg3 Qb6 10. Qc2 Bd7 11. O-O cxd4 12. exd4 Rc8 13. a3 g4 14. Ne5 Nxd4 15. Nxd7 Nxd7 16. Qa4 Nc6 17.
Rad1 h5 18. Rfe1 h4 19. Bf4 Rg8 20. Nf1 Nc5 21. Qc2 g3 22. hxg3 hxg3 23. Bxg3 Nxd3 24.
Qxd3 Na5 25. Qh7 Rg6 26. Ne3 Nc4 27. Nxc4 Rxc4 28. Re3 Qxb2 29. Qh8+ Kd7 30. Qb8 Rc7 31. Qxc7+ 1-0

[Event "*** SCC Grand Prix: Titled Tuesday Blitz"]
[Site "Chess.com"]
[Date "2020.09.08"]
[Round "5"]
[White "Tactictic"]
[Black "shnitez"]
[Result "0-1"]
[WhiteElo "2357"]
[BlackElo "2530"]
[TimeControl "180+1"]
[EndTime "10:55:43 PDT"]
[Termination "shnitez won by resignation"]

1. e4 c5 2. Nf3 e6 3. d4 cxd4 4. Nxd4 a6 5. Bd3 Bc5 6. Nb3 Be7 7. Qg4 g6 8. Qe2 d6 9. Nc3 Nd7 10. O-O b6 11. Be3 Bb7 12. Rad1 Qc7 13. f4 Ngf6 14. f5 gxf5 15. exf5 Rg8 16. Rf2 e5 17. h3 d5 18. Bc1 e4 19. Bf4 Qc8 20. Re1 Qd8 21.
Qe3 Bc5 22. Nxc5 bxc5 23. Nxe4 dxe4 24. Bxe4 Bxe4 25. Rfe2 Qb6 26. Qc3 Qb4 27. Qg3 Rxg3 0-1

[Event "*** SCC Grand Prix: Titled Tuesday Blitz"]
[Site "Chess.com"]
[Date "2020.09.08"]
[Round "5"]
[White "OscarAng"]
[Black "PoppingCheckmates"]
[Result "1-0"]
[WhiteElo "2258"]
[BlackElo "2374"]
[TimeControl "180+1"]
[EndTime "10:55:43 PDT"]
[Termination "OscarAng won on time"]

1. d4 Nf6 2. Bg5 e6 3. e4 Be7 4.
Bxf6 Bxf6 5. c3 d6 6. Nd2 b6 7. g3 Bb7 8. Bg2 Nd7 9. Ne2 g6 10. Nc4 O-O 11. Ne3 Bg7 12. h4 h5 13. Qc2 c5 14.
O-O-O cxd4 15. Nxd4 a6 16. g4 hxg4 17. h5 Ne5 18. hxg6 Qf6 19. gxf7+ Rxf7 20. Rdf1 Nf3 21. Bxf3 gxf3 22. Rfg1 Rc8 23. Qb3 Qxd4 24. Qxe6 Rxc3+ 25. bxc3 Qxc3+ 26. Nc2 Kf8 27. Qxd6+ Ke8 28. Rh8+ Bf8 29. Qe6+ Re7 30. Rxf8+ 1-0

[Event "*** SCC Grand Prix: Titled Tuesday Blitz"]
[Site "Chess.com"]
[Date "2020.09.08"]
[Round "5"]
[White "krasavetc"]
[Black "Witik"]
[Result "0-1"]
[WhiteElo "2346"]
[BlackElo "2695"]
[TimeControl "180+1"]
[EndTime "10:55:48 PDT"]
[Termination "Witik won on time"]

1. Nf3 d5 2. d4 e6 3. c4 c6 4. e3 Bd6 5. Nc3 f5 6. Be2 Nf6 7. Qb3 O-O 8. Bd2 Nbd7 9. O-O Ne4 10. cxd5 exd5 11. Rfd1 Kh8 12. Be1 Rf6 13. g3 Qe7 14. Nd2 b6 15. Nf1 Bb7 16. f3 Ng5 17.
Kg2 Re8 18. Bf2 Qf7 19. e4 fxe4 20. f4 Ne6 21. Ne3 Bxf4 22. gxf4 Nxf4+ 23. Kh1 Nxe2 24. Bh4 Rh6 25. Nxe2 Rxh4 26. Rf1 Qh5 27. Rf2 Nf6 28. Raf1 c5 29. Nf5 Rh3 30. Nfg3 Qg6 31. Nf4 Qh6 32.
Nxh3 Qxh3 33. Rxf6 gxf6 34. Rxf6 e3 35. Qb5 Rg8 0-1

[Event "*** SCC Grand Prix: Titled Tuesday Blitz"]
[Site "Chess.com"]
[Date "2020.09.08"]
[Round "5"]
[White "AliKa2810"]
[Black "laboratorio25"]
[Result "1-0"]
[WhiteElo "2575"]
[BlackElo "2399"]
[TimeControl "180+1"]
[EndTime "10:55:49 PDT"]
[Termination "AliKa2810 won by resignation"]

1. d4 d5 2. c4 dxc4 3. e3 Nf6 4. Bxc4 e6 5. Nf3 a6 6. O-O b5 7. Bd3 Bb7 8. a4 b4 9. Nbd2 c5 10. e4 cxd4 11. e5 Nfd7 12. Nc4 Nc6 13. Bg5 Qc7 14. Rc1 Nb6 15. Be4 Nxc4 16. Rxc4 Qb6 17. Qc2 Na5 18. Bxb7 Qxb7 19. Rc7 b3 20. Qc1 Qb8 21. Nxd4 Bb4 22.
Nxe6 fxe6 23. Rxg7 Rf8 24. Rd1 Rf7 25. Rg8+ Bf8 26. Rd6 Qa7 27. Qd2 Nb7 28. Rxe6+ 1-0